 Dungeon Crawl Stone Soup version 0.26-a0-491-g70697cc071 (webtiles) character file.

Game seed: 13289125328683666602

149 Murumi the Shield-Bearer (level 5, -1/42 HPs)
             Began as a Formicid Fighter on Aug 5, 2020.
             Killed from afar by Ijyb (18 damage)
             ... with a bolt of acid
             ... on level 3 of the Dungeon.
             The game lasted 00:07:35 (1835 turns).

Murumi the Shield-Bearer (Formicid Fighter)         Turns: 1835, Time: 00:07:36

Health: -1/42      AC:  7    Str: 21    XL:     5   Next: 57%
Magic:  5/5        EV:  8    Int:  7    God:
Gold:   116        SH: 11    Dex: 11    Spells: 4/4 levels left

rFire    . . .     SeeInvis +   a - +0 long sword
rCold    . . .     Faith    .   c - +1 kite shield
rNeg     . . .     Spirit   .   b - +0 scale mail
rPois    .         Reflect  .   (helmet unavailable)
rElec    .         Harm     .   (no cloak)
rCorr    .                      (no gloves)
MR       .....                  (no boots)
Stlth    ..........             (no amulet)
HPRegen  0.14/turn              (no ring)
MPRegen  0.09/turn              (no ring)

@: no status effects
A: permanent stasis, dig shafts and tunnels, four strong arms, antennae 3
a: Dig, Shaft Self


You were on level 3 of the Dungeon.
You visited 1 branch of the dungeon, and saw 3 of its levels.

You collected 116 gold pieces.

Inventory:

Hand Weapons
 a - a +0 long sword (weapon)
Armour
 b - a +0 scale mail (worn)
 c - a +1 kite shield (worn)
Potions
 d - a potion of might
 e - a potion of stabbing {unknown}
 f - a potion of cancellation {unknown}
 g - a potion of curing {unknown}


   Skills:
 - Level 4.0 Fighting
 + Level 3.1 Long Blades
 - Level 4.0 Armour
 - Level 1.0 Dodging
 - Level 5.0 Shields


You had 4 spell levels left.
You didn't know any spells.
Your spell library was empty.

Dungeon Overview and Level Annotations

Branches:
Dungeon (3/15)

Altars:
Fedhas

Annotations:
D:3 Ijyb


Innate Abilities, Weirdness & Mutations

You cannot be hasted, slowed, berserked, paralysed or teleported.
You can dig through walls and to a lower floor.
Your four strong arms can wield two-handed weapons with a shield.
You have a pair of large antennae on your head. (SInv)


Message History

You block the bat's attack.
You barely miss the bat. The bat hits you but does no damage.
The bat hits you but does no damage.
Found 12 poisoned darts.
You closely miss the bat. The bat hits you but does no damage.
You block the bat's attack.
You hit the bat.
You kill the bat!
Found a short sword.
There is an open door here.
Ijyb the Twisted Goblin comes into view.
She is wielding a +3 dagger of venom and carrying a wand of acid (9).
Ijyb zaps a wand.
The bolt of acid hits you!
You are splashed with acid!
You start resting.
You sense a monster nearby.
You start resting.
Ijyb is nearby!
You hit Ijyb.
Ijyb is moderately wounded.
Ijyb zaps a wand.
The bolt of acid hits you!!
You die...

###................
#.............#####
#.).###'#.....# #
#...# #.#.....#####
##...# #.#..........
#....# #.#..........
#....###.##...(.....
#................###
#..@####.####.##.#
##g## #'# #.#...##
#.. ..#..... #...
...#..... .....
#..... .#...g +.....
.. ..... #....÷ ..
...... #...÷. #.....


You could see Ijyb.

Vanquished Creatures
  An orc wizard (D:3)
  A gnoll (D:1)
  3 adders
  2 oozes
  A worm (D:2)
  2 dart slugs
  2 leopard geckos (D:1)
  4 orcs (D:3)
  5 giant cockroaches
  2 goblins
  9 hobgoblins
  10 jackals
  A ball python (D:2)
  4 bats
  4 frilled lizards
  6 kobolds
  4 rats
61 creatures vanquished.

Notes
Turn   | Place    | Note
-------+----------+-------------------------------------------
     0 | D:1      | Murumi the Formicid Fighter began the quest for the Orb.
     0 | D:1      | Reached XP level 1. HP: 18/18 MP: 1/1
    37 | D:1      | Reached skill level 1 in Dodging
    37 | D:1      | Reached skill level 4 in Shields
    37 | D:1      | Reached XP level 2. HP: 21/24 MP: 2/2
   279 | D:1      | Reached XP level 3. HP: 18/29 MP: 3/3
   719 | D:1      | Reached XP level 4. HP: 26/37 MP: 4/4
   912 | D:2      | Found a faded altar of an unknown god.
  1426 | D:3      | Found a blossoming altar of Fedhas.
  1437 | D:3      | Reached XP level 5. HP: 42/42 MP: 5/5
  1570 | D:3      | Reached skill level 5 in Shields
  1829 | D:3      | Noticed Ijyb
  1835 | D:3      | Killed from afar by Ijyb

Illustrated notes

Levels and vault maps discovered:
D:1:      dpeg_arrival_pits, layout_rooms, minmay_misc_feat_cross
D:2:      layout_rooms, chequers_ecumenical_altar_island, grunt_ministairs_13,
          kennysheep_crisscross
D:3:      layout_basic, old_standard_altar, uniq_ijyb, uniq_jessica

Skill      XL: |  1  2  3  4  5 |
---------------+----------------+-----
Dodging        | 1 |  1.0
Shields        | 4 5 |  5.0
Long Blades    | 3 |  3.1
Fighting       | 4 |  4.0
Armour         | 4 |  4.0

Action                   |  1- 3 |  4- 6 || total
-------------------------+-------+-------++-------
Melee: Long sword        |    85 |   131 ||   216
  Use: Scroll            |       |     6 ||     6
Armor: Scale mail        |    46 |    57 ||   103
Dodge: Dodged            |    39 |    41 ||    80
Block: Kite shield       |    52 |    66 ||   118
       Rpst.: Long sword |     8 |    14 ||    22

Table legend: (Time is in decaauts)
 A = Elapsed time spent in this place.
 B = Non-inter-level travel time spent in this place.
 C = Inter-level travel time spent in this place.
 D = Time resting spent in this place.
 E = Time spent auto-exploring this place.
 F = Levels seen in this place.
 G = Mean time per level.
                   A        B        C        D        E       F      G
               +--------+--------+--------+--------+--------+-----+--------+
         Total |   1909 |   1784 |    125 |      3 |   1260 |   3 |  636.3 |
       Dungeon |   1909 |   1784 |    125 |      3 |   1260 |   3 |  636.3 |
               +--------+--------+--------+--------+--------+-----+--------+

Top non-repeatable levels by time:
     D:1: 854 daAuts
     D:2: 622 daAuts
     D:3: 432 daAuts
